 Dungeon Crawl Stone Soup version 0.26-a0-665-gefeb406119 (webtiles) character file.

Game seed: 2426175218869642267

213 miscthings the Chopper (level 5, -1/48 HPs)
             Began as a Palentonga Delver on Oct 16, 2020.
             Slain by a gnoll
             ... wielding a +0 flail
              (7 damage)
             ... on level 2 of the Dungeon.
             The game lasted 00:04:59 (2730 turns).

miscthings the Chopper (Palentonga Delver)          Turns: 2730, Time: 00:04:59

Health: -1/48      AC:  5    Str: 15    XL:     5   Next: 59%
Magic:  14/14      EV:  9    Int: 11    God:
Gold:   77         SH:  0    Dex: 12    Spells: 4/4 levels left

rFire    . . .     SeeInvis +   a - +0 hand axe
rCold    . . .     Faith    .   (no shield)
rNeg     . . .     Spirit   .   b - +0 leather armour
rPois    .         Reflect  .   (no helmet)
rElec    .         Harm     .   (no cloak)
rCorr    .         Rampage  .   j - +0 pair of gloves
MR       .....                  (no barding)
Stlth    ++........             (no amulet)
HPRegen  0.16/turn              q - ring of magical power
MPRegen  0.14/turn              k - ring of stealth

@: glowing
A: large, rugged brown scales 3, see invisible, deformed body, roll, armoured
tail
a: Rolling Charge


You were on level 2 of the Dungeon.
You visited 1 branch of the dungeon, and saw 5 of its levels.

You collected 77 gold pieces.

Inventory:

Hand Weapons
 a - a +0 hand axe (weapon)
Armour
 b - a +0 leather armour (worn)
 j - a +0 pair of gloves (worn)
Jewellery
 k - a ring of stealth (right hand)
 q - a ring of magical power (left hand)
Wands
 g - a wand of digging (3)
Scrolls
 c - a scroll of fog
 d - 3 scrolls of magic mapping
 e - a scroll of fear
 f - 5 scrolls of teleportation {unknown}
 i - a scroll of enchant armour {unknown}
 l - a scroll of noise {unknown}
 n - 3 scrolls of identify {unknown}
Potions
 h - 3 potions of brilliance {unknown}
 m - a potion of curing
 o - a potion of lignification {unknown}
 p - a potion of stabbing {unknown}
 r - a potion of heal wounds {unknown}


   Skills:
 - Level 3.0 Fighting
 + Level 5.9 Axes
 - Level 1.5 Dodging
 - Level 3.3 Stealth


You had 4 spell levels left.
You didn't know any spells.
Your spell library was empty.

Dungeon Overview and Level Annotations

Branches:
Dungeon (5/15)
 Temple: D:4-7

Altars:
Ashenzari
Cheibriados
Dithmenos
The Shining One


Innate Abilities, Weirdness & Mutations

You are completely covered in rugged brown scales. (AC +3, +7% HP)
You have supernaturally acute eyesight. (SInv)
Armour fits poorly on your strangely shaped body.
You can roll at foes to attack.
You have a long armoured tail.


Message History

Found a dagger.
The gnoll shaman invokes the aid of its god against you.
You are outlined in light.
The gnoll shaman calls upon its god to speed up the gnoll.
The gnoll seems to speed up.
The gnoll completely misses you.
You see here an adder skeleton.
The gnoll hits you but does no damage. The gnoll closely misses you.
There is a stone staircase leading up here.
The gnoll hits you with a +0 flail!
* * * LOW HITPOINT WARNING * * *
You climb upwards.
There is a stone staircase leading down here.
You feel better. The gnoll hits you with a +0 flail!
* * * LOW HITPOINT WARNING * * *
You hit the gnoll.
The gnoll is heavily wounded.
The gnoll hits you with a +0 flail!
You die...

#.#......# #### #.#.######
####.#.# ###### #......#
#####..... #.##.### ##.....####
#.##.# ####..##### #.##.#
##....## ####### ##.##.###..####
......#####..##.@.....#
..###.......#....g....#
#....##...)...........#
####.....######.......#
###....#####....<..#
####....#......^......###
.......########.........#########
####.### #.......#.....#....
####.####### #.###########...##.


You could see a gnoll (fast).

Vanquished Creatures
  Jessica (D:2)
  10 adders
  2 oozes
  4 worms
  3 dart slugs
  5 leopard geckos
  An orc (D:3)
  A ball python (D:1)
  4 giant cockroaches
  5 goblins
  6 hobgoblins
  4 jackals (D:2)
  A quokka (D:3)
  4 bats
  5 frilled lizards
  6 kobolds
  9 rats
71 creatures vanquished.

Vanquished Creatures (others)
  A plant (D:1)
1 creature vanquished.

Grand Total: 72 creatures vanquished

Notes
Turn   | Place    | Note
-------+----------+-------------------------------------------
     0 | D:5      | miscthings the Palentonga Delver began the quest for the
                  | Orb.
     0 | D:5      | Reached XP level 1. HP: 20/20 MP: 1/1
     4 | D:5      | Noticed a necrophage
    37 | D:3      | Reached XP level 2. HP: 21/27 MP: 2/2
    58 | D:3      | Reached skill level 3 in Axes
    62 | D:3      | Reached XP level 3. HP: 2/33 MP: 3/3
   497 | D:3      | Reached skill level 4 in Axes
   735 | D:2      | Reached XP level 4. HP: 18/40 MP: 4/4
  1609 | D:2      | Reached skill level 5 in Axes
  1957 | D:2      | Noticed Jessica
  1959 | D:2      | Killed Jessica
  1959 | D:2      | Reached XP level 5. HP: 35/48 MP: 5/5
  2043 | D:2      | Found a glowing golden altar of the Shining One.
  2324 | D:2      | Found a broken altar of Ashenzari.
  2684 | D:3      | Found a snail-covered altar of Cheibriados.
  2687 | D:3      | Found a shadowy altar of Dithmenos.
  2730 | D:2      | Slain by a gnoll

Illustrated notes

Levels and vault maps discovered:
D:1:      sevenhm_arrival_forest_fort_large_4, layout_basic
D:2:      layout_rooms, evilmike_ruin_ashenzari, nicolae_tso_carved_into_rock,
          uniq_jessica
D:3:      wander_river, layout_rooms, chequers_temple_overflow_statue_of_worship
D:4:      layout_loops_ring, minmay_temple_entry_poolview, serial_shops,
          shop_fountains, minmay_misc_feat_secret_circle, vehumet_altar_wand_db
D:5:      kennysheep_big_flooded_room, layout_cave_pools, tgw_fedhas,
          hellmonk_ghost_happy_afterlife, serial_shops,
          nicolae_shop_behind_doors, kennysheep_okawaru_gauntlet

Skill      XL: |  1  2  3  4 |
---------------+-------------+-----
Axes           | 3 4 5 |  5.9
Fighting       | |  3.0
Dodging        | |  1.5
Stealth        | |  3.3

Action                   |  1- 3 |  4- 6 || total
-------------------------+-------+-------++-------
Melee: Hand axe          |    84 |   167 ||   251
       Tailslap          |     8 |    14 ||    22
 Abil: Rolling Charge    |    10 |    29 ||    39
  Use: Potion            |     2 |     1 ||     3
 Stab: Sleeping          |     1 |       ||     1
Armor: Leather armour    |    30 |    53 ||    83
Dodge: Dodged            |    56 |    80 ||   136

Table legend: (Time is in decaauts)
 A = Elapsed time spent in this place.
 B = Non-inter-level travel time spent in this place.
 C = Inter-level travel time spent in this place.
 D = Time resting spent in this place.
 E = Time spent auto-exploring this place.
 F = Levels seen in this place.
 G = Mean time per level.
                   A        B        C        D        E       F      G
               +--------+--------+--------+--------+--------+-----+--------+
         Total |   2731 |   2681 |     50 |   1242 |    888 |   5 |  546.2 |
       Dungeon |   2731 |   2681 |     50 |   1242 |    888 |   5 |  546.2 |
               +--------+--------+--------+--------+--------+-----+--------+

Top non-repeatable levels by time:
     D:1: 1113 daAuts
     D:2: 854 daAuts
     D:3: 736 daAuts
     D:5: 21 daAuts
     D:4: 5 daAuts
